 Dungeon Crawl Stone Soup version 0.15-a0-225-ga4013df (webtiles) character file.

221 PolkaDot the Cutter (level 4, -1/33 HPs)
             Began as a Vampire Death Knight on Apr 25, 2014.
             Was a Believer of Yredelemnul.
             Killed from afar by Terence (13 damage)
             ... with a wand of flame
             ... on Level 3 of the Dungeon.
             The game lasted 00:09:40 (1829 turns).

PolkaDot the Cutter (Vampire Death Knight)          Turns: 1829, Time: 00:09:40

HP  -1/33        AC  3     Str 12      XL: 4   Next:  6%
MP   5/5         EV 10     Int 13      God: Yredelemnul [**....]
Gold 149         SH  0     Dex 14      Spells:  0 memorised,  3 levels left

rFire  . . .     SeeInvis +     a - +1 short sword
rCold  . . .     Clarity  .     b - +0 leather armour
rNeg   + . .     Conserve .     (no shield)
rPois  .         rCorr    .     (no helmet)
rElec  .         rRot     .     (no cloak)
SustAb . .       Spirit   .     (no gloves)
rMut   .         Warding  .     (no boots)
Saprov . . .     Stasis   .     (no amulet)
MR     .....                    (no ring)
                                m - ring of positive energy {unknown}

@: regenerating quickly, not resistant to hostile enchantments, unstealthy
A: fangs 3, see invisible, unbreathing
a: Animate Remains, Recall Undead Slaves, Injury Mirror, Renounce Religion


You were on level 3 of the Dungeon.
You worshipped Yredelemnul.
Yredelemnul was pleased with you.
You were full.

You visited 1 branch of the dungeon, and saw 3 of its levels.

You collected 149 gold pieces.

Inventory:

Hand weapons
 a - a +1,+1 short sword (weapon)
Armour
 b - a +0 leather armour (worn)
Magical devices
 f - a wand of frost (5)
Scrolls
 c - a scroll of magic mapping {unknown}
 d - a scroll of enchant weapon II {unknown}
 e - a scroll of identify
 g - a scroll of amnesia {unknown}
 h - 2 scrolls of remove curse
 k - 2 scrolls of teleportation {unknown}
Jewellery
 m - a ring of positive energy (left hand) {unknown}


   Skills:
 - Level 1.7 Fighting
 * Level 4.8 Short Blades
 - Level 0.7 Armour
 - Level 1.1 Dodging
 - Level 2.4 Invocations


You had 3 spell levels left.
You didn't know any spells.

Dungeon Overview and Level Annotations

Branches:
Dungeon (3/15)

Altars:
Vehumet

Annotations:
D:3 Terence


Innate Abilities, Weirdness & Mutations

Your natural rate of healing is unusually fast.
You have razor-sharp teeth.*
You have supernaturally acute eyesight.
You can survive without breathing.*


Message History

You start resting.
Terence zaps a wand.
The puff of flame misses you.
You aren't carrying any potions.
You hit Terence but do no damage. Terence hits you but does no damage.
You barely miss Terence. You hit Terence but do no damage.
Terence zaps a wand.
The puff of flame hits you!
You closely miss Terence.
Terence zaps a wand.
The puff of flame hits you!
One of your 2 scrolls labeled DYFALI PNONI catches fire!
You hit Terence.
Terence is moderately wounded.
Terence zaps a wand.
The puff of flame hits you!
Read which item? (? for menu, Esc to quit)
As you read the scroll labeled FUDEXTOUWN, it crumbles to dust.
It is a scroll of identify.
Identify which item? (\ to view known items) (? for menu, Esc to quit)
h - 2 scrolls of remove curse Terence zaps a wand.
The puff of flame hits you!
You die...
Yredelemnul claims you as an undead slave.

#.##... ##<##.####
. #.)......# @.
#..##.##.# .#
#..##.##.# ###.#
### #........#
#..?.... ##.##.##.#
#.#.#.# #.##.##.#
#.#...
###......@#####.#.#
#.........@.......#
#.####.##########.#
# #.# .# ..# .#
.### .# . .# # .#
..


You could see Terence.

Vanquished Creatures
  An adder (D:2)
  A worm (D:1)
  2 giant geckos
  An ooze (D:1)
  4 bats
  3 giant cockroaches (D:1)
  10 hobgoblins
  5 jackals (D:1)
  6 kobolds
  5 giant newts
  7 goblins
  3 rats
48 creatures vanquished.

Notes
Turn   | Place    | Note
--------------------------------------------------------------
     0 | D:1      | PolkaDot, the Vampire Death Knight, began the quest for the Orb.
     0 | D:1      | Reached XP level 1. HP: 16/16 MP: 1/1
   152 | D:1      | Reached skill level 3 in Short Blades
   152 | D:1      | Reached XP level 2. HP: 19/22 MP: 2/2
   631 | D:1      | Reached XP level 3. HP: 25/27 MP: 4/4
   653 | D:1      | Reached skill level 4 in Short Blades
   670 | D:1      | Acquired Yredelemnul's second power
  1215 | D:2      | Found a radiant altar of Vehumet.
  1354 | D:2      | Reached XP level 4. HP: 33/33 MP: 5/5
  1806 | D:3      | Noticed Terence
  1829 | D:3      | Killed from afar by Terence

Action                   |  1- 3 |  4- 6 || total
-------------------------+-------+-------++-------
Melee: Short sword       |   164 |    15 ||   179
Evoke: Wand              |       |     2 ||     2
  Use: Potion            |     4 |     1 ||     5
       Scroll            |       |     1 ||     1
